3R
AMARILLO WARHEADS @ GREENPORT HARBOR WHALES
08/01/2034
 
TOP OF THE 1ST
Amarillo Warheads batting - Pitching for Greenport Harbor Whales : LHP Félix Cordero
Pitching: LHP Félix Cordero
Batting: RHB Cristo Mercado 0-0: Called Strike
0-1: Swinging Strike
0-2: Foul Ball, location: 2F
0-2: Foul Ball, location: 2F
0-2: Strikes out swinging
Batting: SHB Leonard Davis 0-0: Ball
1-0: Called Strike
1-1: Called Strike
1-2: SINGLE (Groundball, 6) (infield hit)
Pinch Runner at 1st Wilbert Gallegos:
Batting: RHB Adrián Sánchez 0-0: Foul Ball, location: 2F
0-1: Ball
1-1: Swinging Strike
1-2: Hit by Pitch
Wilbert Gallegos to second
Batting: RHB Kiyohira Kan 0-0: Called Strike
0-1: Ball
1-1: Fielders Choice at 2nd, 4-6 (Groundball, 4M)
Wilbert Gallegos to third
Batting: LHB Fernando Guillén 0-0: Ball
1-0: Swinging Strike
1-1: Foul Ball, location: 2F
1-2: Strikes out swinging
Top of the 1st over - 0 runs, 1 hit, 0 errors, 2 left on base; Amarillo 0 - Greenport 0
BOTTOM OF THE 1ST
Greenport Harbor Whales batting - Pitching for Amarillo Warheads : RHP Jhon Aimar
Pitching: RHP Jhon Aimar
Now at 2B: Wilbert Gallegos
Batting: RHB Hae-young Kwak 0-0: Ball
1-0: Called Strike
1-1: Swinging Strike
1-2: Ground out 4-3 (Groundball, 34)
Batting: RHB Javier Botín 0-0: SINGLE (Groundball, 5D)
Batting: RHB Jon Walker 0-0: Ball
1-0: Fly out, F4 (Line Drive, 4)
Batting: RHB Jon Hill 0-0: Ball
Javier Botín steals 2nd base
1-0: Ball
2-0: DOUBLE (Line Drive, 78XD)
Javier Botín scores
Batting: LHB Francisco Torres 0-0: Ball
1-0: SINGLE (Groundball, 4MD)
Jon Hill to third
Runner from 3rd tries for Home, SAFE, no throw
Batting: RHB Jacques Devaux 0-0: Called Strike
0-1: Swinging Strike
0-2: Foul Ball, location: 2F
0-2: Ball
1-2: Foul Ball, location: 2F
1-2: Strikes out looking
Bottom of the 1st over - 2 runs, 3 hits, 0 errors, 1 left on base; Amarillo 0 - Greenport 2
TOP OF THE 2ND
Amarillo Warheads batting - Pitching for Greenport Harbor Whales : LHP Félix Cordero
Batting: RHB John Steele 0-0: Ball
1-0: Foul Ball, location: 2F
1-1: Bunt missed!
1-2: Fly out, F7 (Flyball, 78M)
Batting: LHB Joe Walker 0-0: Ball
1-0: Ball
2-0: Ball
3-0: Base on Balls
Batting: LHB Lorenzo Ortíz 0-0: Called Strike
0-1: Swinging Strike
0-2: Fly out, F8 (Flyball, 78D)
Batting: SHB Richard Mullins 0-0: Called Strike
0-1: Called Strike
0-2: Ball
1-2: Foul Ball, location: 2F
1-2: Ball
2-2: Fly out, F7 (Flyball, 7LS)
Top of the 2nd over - 0 runs, 0 hits, 0 errors, 1 left on base; Amarillo 0 - Greenport 2
BOTTOM OF THE 2ND
Greenport Harbor Whales batting - Pitching for Amarillo Warheads : RHP Jhon Aimar
Batting: RHB Kent Potter 0-0: Fly out, F8 (Flyball, 89M)
Batting: RHB Pung-cho Chang 0-0: Called Strike
0-1: Ball
1-1: Swinging Strike
1-2: Foul Ball, location: 2F
1-2: SINGLE (Groundball, 6MD)
Batting: RHB Richard Armitage 0-0: Ball
1-0: Ball
2-0: DOUBLE (Line Drive, 78D)
Pung-cho Chang to third
Batting: RHB Hae-young Kwak 0-0: Ball
1-0: Ball
2-0: Fly out, F8 (Flyball, 8RD)
Runner from 3rd tags up, OUT at HOME
Bottom of the 2nd over - 0 runs, 2 hits, 0 errors, 1 left on base; Amarillo 0 - Greenport 2
TOP OF THE 3RD
Amarillo Warheads batting - Pitching for Greenport Harbor Whales : LHP Félix Cordero
Batting: RHB Cristo Mercado 0-0: Called Strike
0-1: Ball
1-1: Ball
2-1: Swinging Strike
2-2: SINGLE (Flyball, 9LS)
Batting: LHB Wilbert Gallegos 0-0: Ball
1-0: TRIPLE (Line Drive, 8RXD)
Cristo Mercado scores
Batting: RHB Adrián Sánchez 0-0: Ball
1-0: Foul Ball, location: 2F
1-1: Foul Ball, location: 2F
1-2: SINGLE (Line Drive, 6MD)
Wilbert Gallegos scores
Batting: RHB Kiyohira Kan 0-0: Called Strike
0-1: Fly out, F8 (Flyball, 78D)
Pitching: RHP Guillermo Pérez
Batting: LHB Fernando Guillén 0-0: Called Strike
0-1: Ball
1-1: Foul Ball, location: 2F
1-2: Foul Ball, location: 2F
1-2: Foul Ball, location: 2F
1-2: Foul Ball, location: 2F
1-2: SINGLE (Groundball, 4D)
Adrián Sánchez to second
Batting: RHB John Steele 0-0: Ball
1-0: Ball
2-0: Ball
3-0: Base on Balls
Adrián Sánchez to third
Fernando Guillén to second
Batting: LHB Joe Walker 0-0: Ball
1-0: Foul Ball, location: 2F
1-1: Ball
2-1: DOUBLE (Flyball, 9D)
Adrián Sánchez scores
Fernando Guillén scores
John Steele to third
Batting: LHB Lorenzo Ortíz 0-0: Called Strike
0-1: Foul Ball, location: 2F
0-2: Ball
1-2: Ball
2-2: Ground out 5-3 (Groundball, 56)
John Steele scores
Batting: SHB Richard Mullins 0-0: Ball
1-0: Called Strike
1-1: Fly out, F7 (Flyball, 7)
Top of the 3rd over - 5 runs, 5 hits, 0 errors, 1 left on base; Amarillo 5 - Greenport 2
BOTTOM OF THE 3RD
Greenport Harbor Whales batting - Pitching for Amarillo Warheads : RHP Jhon Aimar
Batting: RHB Javier Botín 0-0: Ball
1-0: Foul Ball, location: 2F
1-1: SINGLE (Groundball, 34D)
Batting: RHB Jon Walker 0-0: Foul Ball, location: 2F
0-1: Swinging Strike
0-2: Foul Ball, location: 2F
0-2: Ball
1-2: Fly out, F9 (Flyball, 9S)
Batting: RHB Jon Hill 0-0: Ball
1-0: Foul Ball, location: 2F
1-1: Foul Ball, location: 2F
1-2: Ball
2-2: Foul Ball, location: 2F
2-2: SINGLE (Groundball, 34S) (infield hit)
Javier Botín to second
Batting: LHB Francisco Torres 0-0: Swinging Strike
0-1: Ball
1-1: Swinging Strike
1-2: Foul Ball, location: 2F
1-2: Fly out, F8 (Flyball, 8RD)
Batting: RHB Jacques Devaux 0-0: Ground out 4-3 (Groundball, 4)
Bottom of the 3rd over - 0 runs, 2 hits, 0 errors, 2 left on base; Amarillo 5 - Greenport 2
TOP OF THE 4TH
Amarillo Warheads batting - Pitching for Greenport Harbor Whales : RHP Guillermo Pérez
Batting: RHB Cristo Mercado 0-0: Called Strike
0-1: Swinging Strike
0-2: Fly out, F8 (Flyball, 8RD)
Batting: LHB Wilbert Gallegos 0-0: Called Strike
0-1: Ball
1-1: Fly out, F6 (Line Drive, 6M)
Batting: RHB Adrián Sánchez 0-0: Ball
1-0: Swinging Strike
1-1: Ball
2-1: Ground out 4-3 (Groundball, 4)
Top of the 4th over - 0 runs, 0 hits, 0 errors, 0 left on base; Amarillo 5 - Greenport 2
BOTTOM OF THE 4TH
Greenport Harbor Whales batting - Pitching for Amarillo Warheads : RHP Jhon Aimar
Batting: RHB Kent Potter 0-0: Called Strike
0-1: Called Strike
0-2: Ball
1-2: Strikes out swinging
Batting: RHB Pung-cho Chang 0-0: Foul Ball, location: 2F
0-1: Ball
1-1: DOUBLE (Flyball, 8LXD)
Batting: RHB Richard Armitage 0-0: Called Strike
0-1: SINGLE (Line Drive, 6MD)
Pung-cho Chang to third
Runner from 3rd tries for Home, SAFE, no throw
Batting: RHB Hae-young Kwak 0-0: Ball
Throwing error on steal attempt, E2
Richard Armitage to third
1-0: Ball
2-0: Swinging Strike
2-1: Foul Ball, location: 2F
2-2: Strikes out looking
Batting: RHB Javier Botín 0-0: Called Strike
0-1: Ball
1-1: Swinging Strike
1-2: Ground out 6-3 (Groundball, 6S)
Bottom of the 4th over - 1 run, 2 hits, 1 error, 1 left on base; Amarillo 5 - Greenport 3
TOP OF THE 5TH
Amarillo Warheads batting - Pitching for Greenport Harbor Whales : RHP Guillermo Pérez
Batting: RHB Kiyohira Kan 0-0: Swinging Strike
0-1: Called Strike
0-2: Strikes out swinging
Batting: LHB Fernando Guillén 0-0: Called Strike
0-1: Ball
1-1: Ball
2-1: SINGLE (Line Drive, 8LS)
Batting: RHB John Steele 0-0: Ball
1-0: Ball
2-0: Called Strike
2-1: Foul Ball, location: 2F
2-2: Strikes out looking
Batting: LHB Joe Walker 0-0: Ball
1-0: Fly out, F9 (Flyball, 9)
Top of the 5th over - 0 runs, 1 hit, 0 errors, 1 left on base; Amarillo 5 - Greenport 3
BOTTOM OF THE 5TH
Greenport Harbor Whales batting - Pitching for Amarillo Warheads : RHP Jhon Aimar
Batting: RHB Jon Walker 0-0: Ball
1-0: Foul Ball, location: 2F
1-1: Ball
2-1: Foul Ball, location: 2F
2-2: Strikes out swinging
Batting: RHB Jon Hill 0-0: Called Strike
0-1: Foul Ball, location: 2F
0-2: Ball
1-2: Foul Ball, location: 2F
1-2: Ball
2-2: Strikes out looking
Batting: LHB Francisco Torres 0-0: Called Strike
0-1: Ball
1-1: Foul Ball, location: 2F
1-2: Ball
2-2: Ground out 5-3 (Groundball, 25)
Bottom of the 5th over - 0 runs, 0 hits, 0 errors, 0 left on base; Amarillo 5 - Greenport 3
TOP OF THE 6TH
Amarillo Warheads batting - Pitching for Greenport Harbor Whales : RHP Guillermo Pérez
Batting: LHB Lorenzo Ortíz 0-0: Ball
1-0: Called Strike
1-1: SINGLE (Line Drive, 4D)
Pitching: RHP Motoyuki Ito
Batting: SHB Richard Mullins 0-0: Ball
1-0: Ball
2-0: Called Strike
2-1: Foul Ball, location: 2F
2-2: Foul Ball, location: 2F
2-2: Strikes out swinging
Batting: RHB Cristo Mercado 0-0: Ball
1-0: DOUBLE (Line Drive, 89S)
Lorenzo Ortíz to third
Batting: LHB Wilbert Gallegos 0-0: Ball
1-0: Swinging Strike
1-1: Foul Ball, location: 2F
1-2: Strikes out looking
Batting: RHB Adrián Sánchez 0-0: Fly out, F7 (Flyball, 7S)
Top of the 6th over - 0 runs, 2 hits, 0 errors, 2 left on base; Amarillo 5 - Greenport 3
BOTTOM OF THE 6TH
Greenport Harbor Whales batting - Pitching for Amarillo Warheads : RHP Jhon Aimar
Batting: RHB Jacques Devaux 0-0: Ball
1-0: Swinging Strike
1-1: Called Strike
1-2: Fly out, F6 (Popup, 6M)
Pitching: RHP Jyotibhasin Kodi
Batting: RHB Kent Potter 0-0: Ball
1-0: Ball
2-0: Called Strike
2-1: Called Strike
2-2: Ball
3-2: Foul Ball, location: 2F
3-2: Strikes out swinging
Batting: RHB Pung-cho Chang 0-0: Called Strike
0-1: Ball
1-1: Ball
2-1: Fly out, F8 (Flyball, 78M)
Bottom of the 6th over - 0 runs, 0 hits, 0 errors, 0 left on base; Amarillo 5 - Greenport 3
TOP OF THE 7TH
Amarillo Warheads batting - Pitching for Greenport Harbor Whales : RHP Motoyuki Ito
Batting: RHB Kiyohira Kan 0-0: Ball
1-0: Fly out, F5 (Line Drive, 5)
Batting: LHB Fernando Guillén 0-0: Called Strike
0-1: Fly out, F9 (Line Drive, 8RS)
Batting: RHB John Steele 0-0: Called Strike
0-1: SINGLE (Line Drive, 4M)
Batting: LHB Joe Walker 0-0: Called Strike
0-1: Called Strike
0-2: Foul Ball, location: 2F
0-2: Ball
1-2: Foul Ball, location: 2F
1-2: Ball
2-2: Ball
3-2: Ground out 6-3 (Groundball, 6)
Top of the 7th over - 0 runs, 1 hit, 0 errors, 1 left on base; Amarillo 5 - Greenport 3
BOTTOM OF THE 7TH
Greenport Harbor Whales batting - Pitching for Amarillo Warheads : RHP Jyotibhasin Kodi
Batting: RHB Richard Armitage 0-0: Ball
1-0: Foul Ball, location: 2F
1-1: Ground out 6-3 (Groundball, 6)
Batting: RHB Hae-young Kwak 0-0: Ball
1-0: Ball
2-0: Ball
3-0: Base on Balls
Batting: RHB Javier Botín 0-0: Ball
Throwing error on steal attempt, E2
Hae-young Kwak to third
1-0: Called Strike
1-1: Called Strike
1-2: Strikes out looking
Batting: RHB Jon Walker 0-0: Ball
Wild Pitch!
Hae-young Kwak scores
1-0: SINGLE (Line Drive, 4MD)
Batting: RHB Jon Hill 0-0: Ball
1-0: Foul Ball, location: 2F
1-1: Foul Ball, location: 2F
1-2: Fielders Choice at 2nd, 6-4 (Groundball, 6)
Bottom of the 7th over - 1 run, 1 hit, 1 error, 1 left on base; Amarillo 5 - Greenport 4
TOP OF THE 8TH
Amarillo Warheads batting - Pitching for Greenport Harbor Whales : RHP Motoyuki Ito
Batting: LHB Lorenzo Ortíz 0-0: Ball
1-0: Swinging Strike
1-1: Called Strike
1-2: Foul Ball, location: 2F
1-2: Foul Ball, location: 2F
1-2: Strikes out swinging
Batting: SHB Richard Mullins 0-0: Ground out 6-3 (Groundball, 6M)
Batting: RHB Cristo Mercado 0-0: Ground out 5-3 (Groundball, 56)
Top of the 8th over - 0 runs, 0 hits, 0 errors, 0 left on base; Amarillo 5 - Greenport 4
BOTTOM OF THE 8TH
Greenport Harbor Whales batting - Pitching for Amarillo Warheads : RHP Jyotibhasin Kodi
Batting: LHB Francisco Torres 0-0: Ball
1-0: Foul Ball, location: 2F
1-1: Foul Ball, location: 2F
1-2: Ball
2-2: Foul Ball, location: 2F
2-2: Strikes out swinging
Batting: RHB Jacques Devaux 0-0: Ball
1-0: Called Strike
1-1: Ball
2-1: Ball
3-1: Swinging Strike
3-2: Foul Ball, location: 2F
3-2: Strikes out swinging
Batting: RHB Kent Potter 0-0: Ball
1-0: Ball
2-0: SINGLE (Groundball, 34S) (infield hit)
Pitching: LHP Pellervo Soisalo
Batting: RHB Pung-cho Chang 0-0: Called Strike
0-1: Called Strike
0-2: Ball
1-2: Ball
2-2: Ball
3-2: Foul Ball, location: 2F
3-2: Strikes out swinging
Bottom of the 8th over - 0 runs, 1 hit, 0 errors, 1 left on base; Amarillo 5 - Greenport 4
TOP OF THE 9TH
Amarillo Warheads batting - Pitching for Greenport Harbor Whales : RHP Motoyuki Ito
Pitching: RHP Sylvain Millot
Batting: LHB Wilbert Gallegos 0-0: Ball
1-0: Foul Ball, location: 2F
1-1: Foul Ball, location: 2F
1-2: Strikes out looking
Batting: RHB Adrián Sánchez 0-0: Ball
1-0: Called Strike
1-1: Foul Ball, location: 2F
1-2: Ball
2-2: Strikes out swinging
Batting: RHB Kiyohira Kan 0-0: Ball
1-0: Foul Ball, location: 2F
1-1: Ball
2-1: Swinging Strike
2-2: Strikes out swinging
Top of the 9th over - 0 runs, 0 hits, 0 errors, 0 left on base; Amarillo 5 - Greenport 4
BOTTOM OF THE 9TH
Greenport Harbor Whales batting - Pitching for Amarillo Warheads : LHP Pellervo Soisalo
Now at C: Edgardo Márquez
Pinch Hitting: SHB Cal Ellis 0-0: Ball
1-0: Foul Ball, location: 2F
1-1: Ball
2-1: Foul Ball, location: 2F
2-2: Strikes out looking
Batting: RHB Hae-young Kwak 0-0: Ball
1-0: Ground out 6-3 (Groundball, 56)
Batting: RHB Javier Botín 0-0: Fly out, F7 (Flyball, 78M)
Bottom of the 9th over - 0 runs, 0 hits, 0 errors, 0 left on base; Amarillo 5 - Greenport 4
Friday, March 29th, 2019 - OOTP Baseball 18.8 Build 76